 Dungeon Crawl Stone Soup version 0.30.1-9-gdf580d7c3d (webtiles) character file.

Game seed: 3771814578422766525

1542091 LordWeiramon the Imperceptible (level 27, 199/199 HPs)
             Began as a Kobold Gladiator on Oct 2, 2023.
             Was the Champion of Ashenzari.
             Escaped with the Orb
             ... and 3 runes on Oct 3, 2023!
             The game lasted 07:22:10 (83891 turns).

LordWeiramon the Imperceptible (Kobold Gladiator)  Turns: 83891, Time: 07:22:10

Health: 199/199    AC: 37    Str: 16    XL:     27
Magic:  40/40      EV: 44    Int: 13    God:    Ashenzari [******]
Gold:   1436       SH: 21    Dex: 30    Spells: 46/53 levels left

rFire   + . .        a - +12 rapier "Shattered Hedonism" {flame, rPois rF+ Str+3, Cun, Fort} (curse)
rCold   + + .        w - +2 kite shield of Ashenzari's Seeker {rPois rC+, Cun, Melee} (curse)
rNeg    + . .        N - +7 swamp dragon scales of the Distant Activism {rPois, Fort, Comp} (curse)
rPois   +            l - +2 helmet of Ashenzari's Fetters {SInv, Elem, Fort} (curse)
rElec   +            J - +2 cloak of Ashenzari's Levity {rCorr, Melee, Fort} (curse)
rCorr   +            Y - +2 pair of gloves "Shattered With Me" {Str+3, Elem, Self} (curse)
SInv    +            R - +2 pair of boots "Ordeal of Ashenzari" {Self, Evo} (curse)
Will    ++++.        p - macabre finger necklace {Finger+ rN+, Fort, Alch} (curse)
Stlth   ++++         A - ring "Ruined With Me" {Fly Dex+3 SInv, Elem, Self} (curse)
HPRegen 0.53/turn    c - ring of Supernal Understanding {Ice rElec Will++ rCorr Str-3 Int+2, Range, Self} (curse)
MPRegen 0.27/turn    P - ring of the Unyielding Gaze {rF+, Bglg, Fort} (curse)

%: clarity
@: flying, studying 3 skills
A: small, no large weapons, nightstalker 3
0: Orb of Zot
}: 3/15 runes: decaying, serpentine, silver
a: Renounce Religion, Shatter the Chains


You escaped.
You worshipped Ashenzari.
Ashenzari was exalted by your worship.
You visited 11 branches of the dungeon, and saw 51 of its levels.
You visited 1 bazaar.
You also visited: Volcano.

You collected 8814 gold pieces.
You spent 7378 gold pieces at shops.

Inventory:

Hand Weapons
 a - the cursed +12 rapier "Shattered Hedonism" (weapon) {flame, rPois rF+ Str+3, Cun, Fort}
   (You found it on level 3 of the Vaults)

   Str:       It affects your strength (+3).
   rF:        It protects you from fire.
   rPois:     It protects you from poison.
   It has a curse which improves the following skills: Cunning: Dodging and
   Stealth.
   Fortitude: Armour and Shields.
Missiles
 n - 40 poisoned darts
 F - 21 curare-tipped darts
 O - 2 throwing nets (quivered)
Armour
 l - the cursed +2 helmet of Ashenzari's Fetters (worn) {SInv, Elem, Fort}
   (You bought it in a shop on level 2 of the Snake Pit)

   It has a curse which improves the following skills: Elements: Fire Magic, Ice
   Magic, Air Magic and Earth Magic.
   Fortitude: Armour and Shields.
 w - the cursed +2 kite shield of Ashenzari's Seeker (worn) {rPois rC+, Cun, Melee}
   (You bought it in a shop on level 3 of the Snake Pit)

   rC:        It protects you from cold.
   rPois:     It protects you from poison.
   It has a curse which improves the following skills: Cunning: Dodging and
   Stealth.
   Melee Combat: Short Blades, Long Blades, Axes, Maces & Flails, Polearms,
   Staves and Unarmed Combat.
 E - a +2 cloak of willpower
 J - the cursed +2 cloak of Ashenzari's Levity (worn) {rCorr, Melee, Fort}
   (You took it off Maurice on level 11 of the Dungeon)

   It has a curse which improves the following skills: Melee Combat: Short
   Blades, Long Blades, Axes, Maces & Flails, Polearms, Staves and Unarmed
   Combat.
   Fortitude: Armour and Shields.
 N - the cursed +7 swamp dragon scales of the Distant Activism (worn) {rPois, Fort, Comp}
   (You found it on level 2 of the Swamp)

   rPois:     It protects you from poison.
   It has a curse which improves the following skills: Fortitude: Armour and
   Shields.
   Companions: Summonings and Necromancy.
 R - the cursed +2 pair of boots "Ordeal of Ashenzari" (worn) {Self, Evo}
   (You found it on level 3 of the Depths)

   It has a curse which improves the following skills: Introspection: Fighting
   and Spellcasting.
   Evocations: Evocations.
 Y - the cursed +2 pair of gloves "Shattered With Me" (worn) {Str+3, Elem, Self}
   (You found it on level 5 of the Vaults)

   It has a curse which improves the following skills: Elements: Fire Magic, Ice
   Magic, Air Magic and Earth Magic.
   Introspection: Fighting and Spellcasting.
Jewellery
 c - the cursed ring of Supernal Understanding (right hand) {Ice rElec Will++ rCorr Str-3 Int+2, Range, Self}
   (You took it off Josephina on level 1 of the Crypt)

   [ring of ice]

   It enhances your ice magic.
   Str:       It affects your strength (-3).
   Int:       It affects your intelligence (+2).
   rF:        It makes you vulnerable to fire.
   rC:        It protects you from cold.
   rElec:     It insulates you from electricity.
   rCorr:     It protects you from acid and corrosion.
   Will:      It greatly increases your willpower.
   It has a curse which improves the following skills: Ranged Combat: Ranged
   Weapons and Throwing.
   Introspection: Fighting and Spellcasting.
 p - the cursed macabre finger necklace (around neck) {Finger+ rN+, Fort, Alch}
   (You bought it in a shop on level 3 of the Elven Halls)

   [amulet of nothing]

   Finger+:   It enables you to equip an extra ring.
   rN:        It protects you from negative energy.
   It has a curse which improves the following skills: Fortitude: Armour and
   Shields.
   Alchemy:   Poison Magic and Transmutations.
 A - the cursed ring "Ruined With Me" (left hand) {Fly Dex+3 SInv, Elem, Self}
   (You bought it in a shop on level 2 of the Orcish Mines)

   [ring of flight]

   Dex:       It affects your dexterity (+3).
   SInv:      It lets you see invisible.
   Fly:       It grants you flight.
   It has a curse which improves the following skills: Elements: Fire Magic, Ice
   Magic, Air Magic and Earth Magic.
   Introspection: Fighting and Spellcasting.
 P - the cursed ring of the Unyielding Gaze (on amulet) {rF+, Bglg, Fort}
   (You found it on level 2 of the Elven Halls)

   [ring of protection from fire]

   rF:        It protects you from fire.
   It has a curse which improves the following skills: Beguiling: Conjurations,
   Hexes and Translocations.
   Fortitude: Armour and Shields.
Wands
 s - a wand of paralysis (47)
 x - a wand of iceblast (86)
 y - a wand of flame (79)
 C - a wand of mindburst (67)
 I - a wand of quicksilver (22)
 L - a wand of digging (9)
 X - a wand of polymorph (25)
Scrolls
 f - 10 scrolls of magic mapping
 g - 8 scrolls of poison
 k - a scroll of enchant armour
 r - 10 scrolls of blinking
 v - 21 scrolls of teleportation
 B - 5 scrolls of silence
 D - 4 scrolls of summoning
 H - 10 scrolls of fog
 T - 3 scrolls of fear
Potions
 d - 2 potions of haste
 h - 30 potions of curing
 i - 3 potions of invisibility
 j - 6 potions of ambrosia
 m - 3 potions of cancellation
 o - 19 potions of heal wounds
 q - 16 potions of mutation
 t - 11 potions of brilliance
 u - 3 potions of resistance
 z - 4 potions of might
 G - 10 potions of flight
 M - 9 potions of attraction
 W - 8 potions of berserk rage
 Z - a potion of magic
Miscellaneous
 b - a tin of tremorstones (2/2)
 e - a box of beasts
 K - a phial of floods
 Q - a phantom mirror
 U - a lightning rod (4/4)


   Skills:
 - Level 24.2(27) Fighting
 - Level 24.0(27) Short Blades
 - Level 6.0(8.4) Throwing
 + Level 14.5(22.0) Armour
 - Level 24.0(27) Dodging
 - Level 24.3(27) Stealth
 + Level 14.4(21.9) Shields
 - Level 8.0(13.6) Spellcasting
 - Level 14.0(16.3) Hexes
 - Level 14.0(18.7) Air Magic
 - Level 7.6(10.1) Evocations


You had 46 spell levels left.
You knew the following spells:

 Your Spells              Type           Power      Damage    Failure   Level
a - Passwall              Tmut/Erth      8%         N/A       16%         2
s - Silence               Hex/Air        26%        N/A       1%          5

Your spell library contained the following spells:

 Spells                   Type           Power      Damage    Failure   Level
 Slow                     Hex            100%       N/A       0%          1
 Cigotuvi's Dreadful Rot  Necr/Pois/Air  50%        N/A       1%          2
 Ensorcelled Hibernation  Hex/Ice        92%        N/A       1%          2
 Poisonous Vapours        Pois/Air       66%        N/A       1%          2
 Static Discharge         Conj/Air       66%        2-5/arc   1%          2
 Confusing Touch          Hex            51%        N/A       1%          3
 Dazzling Flash           Conj/Hex       60%        N/A       1%          3
 Inner Flame              Hex/Fire       31%        N/A       1%          3
 Portal Projectile        Hex/Tloc       60%        N/A       1%          3
 Summon Guardian Golem    Hex/Summ       30%        N/A       1%          3
 Swiftness                Air            55%        N/A       1%          3
 Tukima's Dance           Hex            51%        N/A       1%          3
 Airstrike                Air            27%        2d(4-20)  1%          4
 Cause Fear               Hex            25%        N/A       1%          4
 Mephitic Cloud           Conj/Pois/Air  25%        N/A       2%          3
 Summon Lightning Spire   Summ/Air       33%        N/A       2%          4
 Anguish                  Hex/Necr       15%        N/A       4%          4
 Leda's Liquefaction      Hex/Erth       15%        N/A       4%          4
 Arcjolt                  Conj/Air       16%        1d26      8%          5
 Freeze                   Ice            64%        1d7       10%         1
 Sandblast                Erth           20%        2d7       10%         1
 Metabolic Englaciation   Hex/Ice        23%        N/A       11%         5
 Apportation              Tloc           18%        N/A       12%         1
 Kiss of Death            Conj/Necr      36%        2d8       12%         1
 Magic Dart               Conj           36%        1d4       12%         1
 Necrotise                Necr           36%        1d5       12%         1
 Summon Small Mammal      Summ           36%        N/A       12%         1
 Yara's Violent Unravell  Hex/Tmut       15%        3d8       12%         5
 Enfeeble                 Hex            25%        N/A       14%         7
 Scorch                   Fire           20%        2d6       16%         2
 Blink                    Tloc           18%        N/A       19%         2
 Call Imp                 Summ           18%        N/A       19%         2
 Momentum Strike          Conj/Tloc      18%        3d8       19%         2
 Sublimation of Blood     Necr           9%         N/A       19%         2
 Freezing Cloud           Conj/Ice/Air   19%        6-21      26%         5
 Frozen Ramparts          Ice            32%        1d5       30%         3
 Ozocubu's Armour         Ice            16%        N/A       30%         3
 Hailstorm                Conj/Ice       15%        3d5       32%         3
 Ignite Poison            Fire/Tmut/Pois 10%        N/A       32%         3
 Stone Arrow              Conj/Erth      20%        3d8       32%         3
 Volatile Blastmotes      Fire/Tloc      20%        2d11      32%         3
 Call Canine Familiar     Summ           9%         N/A       34%         3
 Gell's Gravitas          Tloc           9%         N/A       34%         3
 Spider Form              Tmut/Pois      9%         N/A       34%         3
 Teleport Other           Tloc           9%         N/A       34%         3
 Vampiric Draining        Necr           9%         2d6       34%         3
 Animate Armour           Summ/Erth      20%        N/A       71%         4
 Flame Wave               Conj/Fire      10%        2d6       71%         4
 Ice Form                 Ice/Tmut       15%        N/A       71%         4
 Sticky Flame             Conj/Fire      10%        2d3       71%         4
 Summon Ice Beast         Ice/Summ       15%        N/A       71%         4
 Animate Dead             Necr           9%         N/A       75%         4
 Dispel Undead            Necr           9%         3d8       75%         4
 Manifold Assault         Tloc           9%         N/A       75%         4
 Passage of Golubria      Tloc           9%         N/A       75%         4
 Storm Form               Tmut/Air       16%        N/A       92%         7
 Lee's Rapid Deconstruct  Erth           5%         3d6*      95%         5
 Agony                    Necr           9%         N/A       97%         5
 Alistair's Intoxication  Tmut/Pois      6%         N/A       97%         5
 Irradiate                Conj/Tmut      4%         3d13      97%         5
 Iskenderun's Battlesphe  Conj           9%         2d6       97%         5
 Summon Forest            Summ/Tloc      4%         N/A       97%         5
 Death Channel            Necr           4%         N/A       100%        6
 Dispersal                Tloc           4%         N/A       100%        6
 Eringya's Noxious Bog    Tmut/Pois      4%         N/A       100%        6
 Iron Shot                Conj/Erth      5%         9d2       100%        6
 Simulacrum               Ice/Necr       7%         N/A       100%        6
 Statue Form              Tmut/Erth      6%         N/A       100%        6
 Summon Cactus Giant      Summ           4%         N/A       100%        6
 Dragon Form              Tmut           4%         N/A       100%        7
 Haunt                    Necr/Summ      4%         N/A       100%        7
 Spellforged Servitor     Conj/Summ      4%         N/A       100%        7
 Summon Hydra             Summ           4%         N/A       100%        7
 Borgnjor's Revivificati  Necr           4%         N/A       100%        8
 Ignition                 Fire           5%         3d4       100%        8
 Infestation              Necr           4%         N/A       100%        8
 Chain Lightning          Conj/Air       16%        3d22      100%        9
 Dragon's Call            Summ           4%         N/A       100%        9
 Fire Storm               Conj/Fire      5%         8d1       100%        9
 Shatter                  Erth           5%         3d8*      100%        9


Dungeon Overview and Level Annotations

Branches:
Dungeon (15/15)            Temple (1/1) D:7            Lair (5/5) D:8
  Swamp (4/4) Lair:2        Snake (4/4) Lair:2        Slime (0/5) Lair:4
    Orc (2/2) D:11            Elf (3/3) Orc:2        Vaults (5/5) D:13
  Crypt (3/3) Vaults:2       Tomb (0/3) Crypt:3      Depths (4/4) D:15
    Zot (5/5) Depths:4    Volcano (visited)

Altars:
Ashenzari
Cheibriados
Dithmenos
Elyvilon
Fedhas
Gozag
Hepliaklqana
Kikubaaqudgha
Makhleb
Nemelex Xobeh
Okawaru
Qazlal
Ru
Sif Muna
Trog
Uskayaw
Vehumet
Wu Jian
Xom
Yredelemnul
Zin
The Shining One
Jiyva

Shops:
D:6 *   D:15 (   Orc:1 :   Orc:2 **[*   Elf:3 [:?=   Snake:2 !![   Snake:3 [
Vaults:4 *   Vaults:5 *   Depths:1 =   Depths:2 *[   Depths:4 *

Portals:
Hell: Depths:1 Depths:2 Depths:3 Depths:4
Abyss: Depths:3 Depths:4
Pandemonium: Depths:2
Ziggurat: Depths:2


Innate Abilities, Weirdness & Mutations

You are small and have problems with some larger weapons.
You are completely attuned to the shadows.


Message History

You perforate the Brimstone Fiend like a sieve!!!!
You kill the Brimstone Fiend!
O - 2 throwing nets (gained 1)
(D) Dungeon (T) Temple (L) Lair (S) Swamp (P) Snake Pit (M) Slime Pits (O) Orcish Mines (E) Elven Halls (V) Vaults (C) Crypt (W) Tomb (U) Depths (H) Hell (Z) Zot
Where to? (Enter - D:1 @ (x,y), ? - help) HP restored.
There is a stone staircase leading up here.
You fly upwards.
There is a stone staircase leading down here.
There is a stone staircase leading up here.
You fly upwards.
There is a stone staircase leading down here.
There is a stone staircase leading down here.
You sense a monster nearby.
(D) Dungeon (T) Temple (L) Lair (S) Swamp (P) Snake Pit (M) Slime Pits (O) Orcish Mines (E) Elven Halls (V) Vaults (C) Crypt (W) Tomb (U) Depths (H) Hell (Z) Zot
Where to? (Enter - D:1 @ (x,y), ? - help)
There is a stone staircase leading up here.
You fly upwards.
There is a stone staircase leading down here.
There is a stone staircase leading up here.
You fly upwards.
There is a stone staircase leading down here.
There is a stone staircase leading up here.
You fly upwards.
There is a stone staircase leading down here.
There is a large open door here.
There is a large open door here.
There is a large open door here.
There is a large open door here.
There is a large open door here.
There is a large open door here.
There is an open door here.
There is a staircase leading out of the dungeon here.
You have escaped!

#.#... #.#.#.
###############.#.#.
##########{..{{..............
#............###########.#.#.
#.########.#.# #.....#. #.#
#≈≈≈≈≈≈≈ #####≈≈≈≈≈ #.#
#≈####### #~♣~#≈#### #.#
#≈#@...8####8####8.. #.#
#####≈#.....'.......'... #.#
#....≈#8...8##8#'#8##8.. #.#
#.###≈###'######'######'
#.####.###≈#~#.##♣♣.....♣♣##.
#.........≈♣♣8.#♣~.......~♣#.
######.###≈#~#.8#.........#8.
#.###≈###.##...~♣~...##.
#.....''..''...♣8♣...''.


There were no monsters in sight!

Vanquished Creatures
  3 dread liches
  2 ancient liches
  6 orbs of fire
  Mennas (Crypt:3)
  A royal mummy (Depths:1)
  Josephina (Crypt:1)
  Parghit (Zot:3)
  Boris (Crypt:3)
  Bai Suzhen (Depths:1)
  Frederick (Depths:3)
  Saint Roka (Vaults:5)
  3 Killer Klowns
  3 caustic shrikes (Depths:3)
  4 curse toes
  8 golden dragons
  Jory (Crypt:2)
  3 bone dragons
  3 doom hounds (Crypt:2)
  An electric golem (Zot:5)
  2 Brimstone Fiends
  23 Orb Guardians
  12 tentacled monstrosities
  Zenata (Crypt:3)
  Grunn (Crypt:2)
  2 titans
  3 deep elf blademasters (Elf:3)
  4 deep elf master archers (Elf:3)
  2 liches
  6 quicksilver dragons
  2 thorn hunters
  7 sphinxes
  7 ancient champions
  Gastronok (D:12)
  7 shadow dragons
  12 death cobs
  5 tengu reavers
  A revenant (Crypt:2)
  4 draconian monks
  The ghost of Zujy the Severer, an adept DsFi of Okawaru (Depths:2)
  6 fire giants
  15 storm dragons
  5 draconian knights
  13 nagarajas
  2 iron dragons
  11 frost giants
  2 fenstrider witches
  8 deep elf sorcerers
  10 draconian shifters
  16 vault wardens
  Aizul (Snake:3)
  A spectral juggernaut (Depths:1)
  A juggernaut zombie (Crypt:2)
  An orc warlord (Vaults:1)
  4 deep elf elementalists
  2 ghost moths
  2 spriggan defenders (Depths:1)
  An angel (Depths:2)
  2 draconian stormcallers (Zot:5)
  A caustic shrike skeleton (Crypt:3)
  6 ghouls
  32 very ugly things
  6 war gargoyles
  20 ironbound preservers
  7 draconian annihilators
  2 reapers
  9 stone giants
  11 ironbound thunderhulks
  8 deep elf demonologists
  A rockslime zombie (Crypt:1)
  8 vampire knights
  9 black draconians
  6 green draconians
  4 eleionomae
  5 spark wasps
  7 yellow draconians
  7 deep elf annihilators (Elf:3)
  20 dire elephants
  6 white draconians
  Snorg (Orc:1)
  3 bunyips
  10 purple draconians
  7 red draconians
  7 ettins
  3 eidola
  3 mummy priests (Depths:1)
  8 deep elf death magi
  2 crystal guardians
  A merfolk impaler (Depths:4)
  A spectral quicksilver dragon (Depths:1)
  11 jiangshi
  7 fire dragons
  6 deep elf high priests
  6 spectral spriggans (Depths:1)
  16 yaktaur captains
  2 spectral golden dragons (Depths:1)
  An entropy weaver (shapeshifter) (Depths:2)
  2 entropy weavers (Vaults:1)
  A rakshasa (Depths:2)
  7 great orbs of eyes
  7 ghost crabs
  4 ice dragons
  19 hydras
  2 peacekeepers
  3 catoblepae
  3 spriggan air magi
  Fannar (Lair:2)
  An ogre mage (Vaults:5)
  36 vault guards
  A spectral shadow dragon (Depths:1)
  10 anacondas
  A spriggan skeleton (Crypt:1)
  Erica (Orc:1)
  10 centaur warriors
  6 ironbound frosthearts
  3 salamander tyrants (Snake:1)
  4 boulder beetles
  10 alligators
  A fenstrider witch skeleton (Crypt:1)
  3 spectral fire giants (Depths:1)
  6 two-headed ogres
  27 dancing weapons
  7 deep troll shamans
  20 naga warriors
  13 deep troll earth magi
  6 shock serpents
  An orc high priest (Orc:2)
  9 tengu warriors
  A shock serpent (shapeshifter) (Vaults:2)
  A storm dragon zombie (Crypt:3)
  Nergalle (D:12)
  Urug (Lair:2)
  6 spriggan berserkers
  12 naga sharpshooters
  A soul eater (Crypt:1)
  7 vampire magi
  An azure jelly zombie (Crypt:1)
  A titan skeleton (Crypt:2)
  A skyshark (Lair:5)
  Sonja (D:10)
  11 deep elf knights
  A bunyip zombie (Crypt:1)
  A sun demon (Depths:4)
  10 hell knights
  A skyshark (shapeshifter) (Depths:4)
  2 shadow wraiths
  2 spectral death yaks (Lair:5)
  A fire crab (D:14)
  A fire crab (shapeshifter) (Depths:2)
  2 glowing orange brains (shapeshifter)
  A sixfirhy (Depths:2)
  Amaemon (Lair:1)
  3 goliath frogs
  11 naga ritualists
  5 iron trolls
  6 sea snakes (Snake:4)
  18 skeletal warriors
  3 glowing orange brains
  5 salamander mystics
  3 bog bodies
  A spectral anaconda (Lair:5)
  6 flayed ghosts
  10 spriggan druids
  68 deep trolls
  11 wizards
  10 swamp dragons
  2 obsidian statues
  15 ironbound convokers
  A harpy (Vaults:1)
  10 deep elf archers
  9 phantasmal warriors
  12 necromancers
  A fenstrider witch simulacrum (Crypt:3)
  32 deep elf pyromancers
  9 orc knights
  24 deep elf zephyrmancers
  44 ugly things
  4 orc sorcerers (Orc:2)
  11 lindwurms
  3 wolf spiders (D:15)
  An oklob plant (Lair:5)
  12 salamanders
  A shining eye (shapeshifter) (Depths:1)
  A mana viper (shapeshifter) (Vaults:5)
  A wolf spider (shapeshifter) (Vaults:2)
  8 mana vipers
  6 manticores
  6 cyclopes
  A faun (shapeshifter) (Depths:2)
  2 manticores (shapeshifter)
  2 will-o-the-wisps
  An iron dragon zombie (Crypt:1)
  2 spectral ettins (Depths:1)
  20 elephants
  20 naga magi
  16 moths of wrath
  Maurice (D:11)
  5 guardian serpents
  45 black mambas
  20 vault sentinels
  Joseph (D:7)
  2 torpor snails
  2 orange demons
  2 gargoyles
  A water nymph (shapeshifter) (Vaults:5)
  3 apocalypse crabs (Swamp:2)
  15 cane toads
  3 unseen horrors
  2 rime drakes (Lair:5)
  An unseen horror (shapeshifter) (Vaults:5)
  A naga skeleton (Crypt:3)
  16 komodo dragons
  Maggie (D:7)
  An iron troll zombie (Crypt:3)
  2 freezing wraiths
  3 efreet
  An ice devil (Zot:4)
  A bunyip simulacrum (Crypt:1)
  35 yaktaurs
  4 tengu conjurers
  A tormentor (Depths:2)
  8 guardian mummies (Depths:1)
  A harpy zombie (Crypt:1)
  7 trolls
  A hydra zombie (Crypt:1)
  A red devil (Depths:2)
  A pale draconian skeleton (Crypt:1)
  2 polar bears
  11 tyrant leeches
  A hydra skeleton (Crypt:3)
  17 hornets
  A harpy skeleton (Crypt:3)
  Prince Ribbit (D:7)
  An ettin zombie (Crypt:3)
  An ice dragon zombie (Crypt:2)
  A dream sheep (shapeshifter) (Vaults:2)
  14 blink frogs
  A snapping turtle (shapeshifter) (D:15)
  3 dream sheep
  A spectral elephant (Lair:5)
  A stone giant simulacrum (Crypt:1)
  10 flying skulls
  An ice dragon skeleton (Crypt:1)
  21 spriggans
  18 water elementals
  4 air elementals (Elf:2)
  21 slime creatures
  4 shadows
  A centaur simulacrum (D:14)
  7 basilisks
  37 yaks
  7 wraiths
  14 wyverns
  11 fire elementals
  A wind drake zombie (Crypt:2)
  3 large abominations (Depths:3)
  5 fire bats (Volcano)
  4 chaos spawn
  A death yak simulacrum (Lair:5)
  20 vampire mosquitoes
  A tyrant leech zombie (Crypt:3)
  5 steam dragons (Volcano)
  4 wargs
  3 swamp worms (shapeshifter)
  35 nagas
  3 two-headed ogre zombies
  8 small abominations (Depths:3)
  19 swamp worms
  A fire bat zombie (Crypt:1)
  2 hell hounds (Lair:5)
  A floating eye (Depths:3)
  5 acid dragons
  13 water moccasins
  10 swamp drakes
  25 orc warriors
  A cane toad skeleton (Crypt:3)
  3 ice beasts
  2 sky beasts
  4 black bears
  15 wolves
  An elephant skeleton (Crypt:3)
  2 boggarts (Vaults:1)
  7 ogres
  2 elephant zombies (Lair:5)
  4 centaurs
  A phantom (D:11)
  4 kobold brigands (D:8)
  6 bullfrogs
  8 earth elementals
  A necrophage (Crypt:2)
  2 scorpions
  3 naga simulacra (Crypt:1)
  12 wights
  2 troll zombies (D:11)
  A raiju zombie (Crypt:1)
  13 killer bees
  2 elephant simulacra (Lair:5)
  A raiju skeleton (Crypt:1)
  3 electric eels
  2 wolf zombies
  4 howler monkeys
  7 hounds
  A gnoll bouda (D:6)
  11 jellies
  A human zombie (Crypt:3)
  21 orc priests
  Jessica (D:2)
  30 orc wizards
  4 sleepcaps
  7 iguanas
  5 ogre zombies (D:11)
  A tengu skeleton (Crypt:2)
  9 gnolls
  8 adders
  A steam dragon skeleton (Crypt:2)
  2 white imps (D:8)
  An ufetubus (D:5)
  A jelly zombie (Crypt:2)
  3 worms
  3 dart slugs
  63 orcs
  4 ball pythons
  17 endoplasms
  5 giant cockroaches
  7 hobgoblins
  16 kobolds
  5 quokkas
  7 bats
  An endoplasm zombie (Crypt:2)
  3 frilled lizards
  A frilled lizard skeleton (Crypt:2)
  6 goblins
  3 goblin zombies (D:11)
  2 hobgoblin zombies (D:11)
  3 orc skeletons (D:11)
  17 orc zombies (D:11)
  6 rats
  A rat zombie (Crypt:3)
2210 creatures vanquished.

Vanquished Creatures (collateral kills)
  A thorn hunter (Swamp:4)
  2 swamp dragons (Swamp:4)
  A swamp drake (Swamp:4)
4 creatures vanquished.

Vanquished Creatures (others)
  A bloated husk (Swamp:1)
  2 water elementals (D:14)
  A swamp worm (Swamp:4)
  4 foxfires (Swamp:4)
8 creatures vanquished.

Grand Total: 2222 creatures vanquished

Notes
Turn   | Place    | Note
-------+----------+-------------------------------------------
     0 | D:1      | LordWeiramon the Kobold Gladiator began the quest for the
                  | Orb.
     0 | D:1      | Reached XP level 1. HP: 12/12 MP: 1/1
   115 | D:1      | Reached skill level 1 in Stealth
   304 | D:1      | Reached XP level 2. HP: 17/17 MP: 2/2
   373 | D:1      | You fall into a shaft and drop 1 floor!
   448 | D:1      | Reached XP level 3. HP: 21/21 MP: 3/3
   595 | D:1      | Reached skill level 5 in Short Blades
  1040 | D:2      | Reached XP level 4. HP: 26/26 MP: 4/4
  1040 | D:2      | Found a broken altar of Ashenzari.
  1045 | D:2      | Became a worshipper of Ashenzari the Shackled
  1078 | D:2      | Noticed Jessica
  1081 | D:2      | Killed Jessica
  1377 | D:2      | Reached XP level 5. HP: 17/30 MP: 5/5
  1847 | D:3      | Found a stormy altar of Qazlal.
  2199 | D:3      | Noticed a water moccasin
  2285 | D:3      | Found an opulent altar of Gozag.
  2294 | D:3      | Found a radiant altar of Vehumet.
  2430 | D:4      | Noticed a black bear
  2432 | D:4      | Killed a black bear
  2433 | D:4      | Reached XP level 6. HP: 35/35 MP: 6/6
  2723 | D:3      | Killed a water moccasin
  2907 | D:4      | Reached XP level 7. HP: 33/40 MP: 7/7
  3290 | D:4      | Found a basalt altar of Yredelemnul.
  3383 | D:4      | Reached * piety under Ashenzari
  3638 | D:4      | Reached skill level 5 in Dodging
  3743 | D:5      | Entered Level 5 of the Dungeon
  3859 | D:5      | Reached XP level 8. HP: 46/46 MP: 8/8
  4174 | D:5      | Reached ** piety under Ashenzari
  4289 | D:5      | Noticed a yak
  4308 | D:5      | Killed a yak
  4520 | D:6      | Found Ea-nāṣir's Fine Metal Goods.
  4570 | D:6      | Reached skill level 10 in Short Blades
  4802 | D:6      | Reached XP level 9. HP: 46/52 MP: 9/9
  5554 | D:6      | Found a glowing golden altar of the Shining One.
  5814 | D:7      | Noticed Joseph
  5834 | D:7      | Reached *** piety under Ashenzari
  5870 | D:7      | Found a staircase to the Ecumenical Temple.
  5876 | Temple   | Entered the Ecumenical Temple
  6166 | D:7      | Identified the cursed scarf "Behold Eternity" {+Inv, Fort,
                  | Elem} (You found it on level 1 of the Dungeon)
  6166 | D:7      | Identified the cursed +0 helmet of the Wild Blue Yonder
                  | {Range, Fort}
  6166 | D:7      | Identified the cursed +0 pair of gloves of Ashenzari's
                  | Inaction {Evo, Range} (You found it on level 5 of the
                  | Dungeon)
  6166 | D:7      | Identified the cursed +0 leather armour "Chained Apathy"
                  | {Evo, Alch}
  6303 | D:7      | Killed Joseph
  6304 | D:7      | Reached skill level 5 in Fighting
  6465 | D:7      | Noticed Maggie
  6566 | D:6      | Reached XP level 10. HP: 60/60 MP: 10/10
  6590 | D:7      | Reached skill level 1 in Armour
  6728 | D:7      | Killed Maggie
  6773 | D:7      | Noticed Prince Ribbit
  6777 | D:7      | Killed Prince Ribbit
  6991 | D:8      | Noticed a centaur warrior
  6991 | D:8      | Found the +8 longbow "Zephyr" {speed, Dex+3 SInv}
  7105 | D:8      | Killed a centaur warrior
  7821 | D:8      | Found a staircase to the Lair.
  8073 | D:8      | Noticed a boulder beetle
  8078 | D:8      | Reached XP level 11. HP: 68/68 MP: 11/11
  8089 | D:8      | Killed a boulder beetle
  8325 | D:8      | Reached **** piety under Ashenzari
  8371 | D:8      | Found a basalt altar of Yredelemnul.
  8371 | D:8      | Found a shimmering altar of Xom.
  8373 | D:8      | Found a basalt altar of Yredelemnul.
  8373 | D:8      | Found a broken altar of Ashenzari.
  8541 | D:9      | Reached skill level 10 in Stealth
  8598 | D:9      | Identified Sif Muna's Textbook on the Altered Pyromaniac
  8729 | D:9      | Noticed a two-headed ogre
  8733 | D:9      | Killed a two-headed ogre
  9084 | D:9      | Reached skill level 10 in Dodging
  9439 | D:9      | Reached skill level 5 in Evocations
  9636 | D:10     | Entered Level 10 of the Dungeon
  9886 | D:10     | Noticed a two-headed ogre
  9888 | D:10     | Killed a two-headed ogre
 10295 | D:10     | Reached XP level 12. HP: 75/75 MP: 12/12
 10537 | D:10     | Noticed Sonja
 10538 | D:10     | Killed Sonja
 11005 | D:11     | Noticed Maurice
 11011 | D:11     | Killed Maurice
 11514 | D:11     | Found a staircase to the Orcish Mines.
 12167 | D:11     | Found the amulet of Elemental Vulnerability {rPois rF--
                  | rC-- AC+8}
 12458 | Lair:1   | Entered Level 1 of the Lair of Beasts
 12879 | Lair:1   | Identified the staff of conjuration "Ynlifedi" {Will+ Str+5
                  | Int+5}
 12939 | Lair:1   | Reached XP level 13. HP: 81/83 MP: 13/13
 13119 | Lair:1   | Reached skill level 15 in Stealth
 13176 | Lair:1   | Identified the +0 chain mail of Quantum Leap {*Corrode
                  | rN+++ Slay+5}
 13511 | Lair:2   | Noticed Urug
 13518 | Lair:2   | Killed Urug
 13530 | Lair:2   | Noticed Amaemon
 13823 | Lair:1   | Killed Amaemon
 14230 | Lair:2   | Found a staircase to the Snake Pit.
 14636 | Lair:2   | Noticed Fannar
 14640 | Lair:2   | Killed Fannar
 14641 | Lair:2   | Reached skill level 1 in Shields
 14796 | Lair:2   | Identified the +3 long sword "Piaj" {protect, rPois}
 15243 | Lair:2   | Found a staircase to the Swamp.
 16129 | Lair:3   | Reached ***** piety under Ashenzari
 16260 | Lair:3   | Reached skill level 5 in Shields
 16449 | Lair:3   | Noticed a five-headed hydra
 16485 | Lair:3   | Killed a five-headed hydra
 16557 | Lair:3   | Noticed a catoblepas
 16563 | Lair:3   | Killed a catoblepas
 16564 | Lair:3   | Reached skill level 5 in Armour
 16564 | Lair:3   | Reached XP level 14. HP: 90/90 MP: 14/14
 18088 | Lair:4   | Reached skill level 15 in Short Blades
 18242 | Lair:4   | Found a viscous altar of Jiyva.
 18292 | Lair:4   | Found a staircase to the Slime Pits.
 18688 | Lair:5   | Entered Level 5 of the Lair of Beasts
 18801 | Lair:5   | Found a dark tunnel.
 18828 | Volcano  | Entered a volcano
 19516 | Volcano  | Reached skill level 15 in Dodging
 20529 | Lair:5   | Reached XP level 15. HP: 83/96 MP: 15/15
 21113 | Lair:5   | Reached skill level 10 in Fighting
 22461 | D:12     | Noticed Gastronok
 22465 | D:12     | Killed Gastronok
 22873 | D:12     | Noticed Nergalle
 22884 | D:12     | Killed Nergalle
 23797 | D:13     | Reached XP level 16. HP: 89/103 MP: 16/16
 24004 | D:13     | Identified the Parchment of Axaxaxas mlö
 24016 | D:13     | Identified the Compendium of Sand
 24132 | D:13     | Identified the Compendium of Combed Thunderclap
 24331 | D:13     | Learned a level 5 spell: Silence
 24559 | D:13     | Reached skill level 1 in Spellcasting
 24559 | D:13     | Reached skill level 1 in Hexes
 24559 | D:13     | Reached skill level 1 in Air Magic
 24728 | D:13     | Found a gate to the Vaults.
 25185 | D:14     | Identified the +1 quarterstaff "Jauff" {flame, rPois rF+
                  | Dex+5}
 25613 | D:14     | Identified the +6 morningstar of Division {drain, Int+4
                  | Dex+2 Stlth-}
 25943 | D:15     | Entered Level 15 of the Dungeon
 26136 | D:15     | Found Uxingoel's Weapon Shop.
 26140 | D:15     | Bought 2 curare-tipped darts for 43 gold pieces
 26371 | D:15     | Found an ancient bone altar of Kikubaaqudgha.
 26468 | D:15     | Reached skill level 5 in Hexes
 26483 | D:15     | Reached skill level 5 in Spellcasting
 26483 | D:15     | Reached skill level 5 in Air Magic
 26718 | D:15     | Found a staircase to the Depths.
 26899 | Orc:1    | Entered Level 1 of the Orcish Mines
 26967 | Orc:1    | Noticed Erica
 26971 | Orc:1    | Killed Erica
 27141 | Orc:1    | Noticed Snorg
 27147 | Orc:1    | Killed Snorg
 27254 | Orc:2    | Entered Level 2 of the Orcish Mines
 27335 | Orc:2    | Found a staircase to the Elven Halls.
 27550 | Orc:2    | Reached XP level 17. HP: 109/109 MP: 29/29
 27672 | Orc:1    | Found Jijufiro's Book Shop.
 27878 | Orc:2    | Found Xiaroguc's Assorted Antiques.
 27879 | Orc:2    | Found Niushreru's Armour Shop.
 27880 | Orc:2    | Found Jiapog's General Store.
 27889 | Orc:2    | Found Nexkehagg's Assorted Antiques.
 27891 | Orc:2    | Bought a potion of curing for 63 gold pieces
 27891 | Orc:2    | Bought a scroll of enchant weapon for 157 gold pieces
 27893 | Orc:2    | Bought a wand of quicksilver (8) for 436 gold pieces
 27894 | Orc:2    | Bought a potion of curing for 78 gold pieces
 27894 | Orc:2    | Bought a potion of curing for 78 gold pieces
 27894 | Orc:2    | Bought a potion of mutation for 208 gold pieces
 28054 | Orc:2    | Bought the ring of Piorepn {Fly Dex+3 SInv} for 455 gold
                  | pieces
 28204 | Swamp:1  | Entered Level 1 of the Swamp
 28547 | Swamp:1  | Identified a scroll of acquirement
 28578 | Swamp:1  | Acquired 1027 gold pieces
 29145 | Swamp:2  | Learned a level 2 spell: Passwall
 29391 | Swamp:2  | Found a runed translucent door.
 29672 | Swamp:2  | Paralysed by you for 5 turns
 30282 | Swamp:3  | Reached skill level 10 in Hexes
 30318 | Swamp:3  | Reached skill level 10 in Air Magic
 30508 | Swamp:3  | Noticed a thorn hunter
 30512 | Swamp:3  | Killed a thorn hunter
 30577 | Swamp:3  | Reached XP level 18. HP: 113/113 MP: 30/30
 30577 | Swamp:3  | Reached XP level 19. HP: 118/118 MP: 31/31
 30677 | Swamp:4  | Entered Level 4 of the Swamp
 31573 | Swamp:4  | Got a decaying rune of Zot
 31719 | Snake:1  | Entered Level 1 of the Snake Pit
 31882 | Snake:1  | Found a transporter.
 32469 | Snake:1  | Reached skill level 5 in Throwing
 32747 | Snake:2  | Found Sosuowyuc's Distillery.
 32751 | Snake:2  | Found Kiedu's Distillery.
 32753 | Snake:2  | Found Qedghoint's Antique Armour Boutique.
 32755 | Snake:2  | Bought a potion of heal wounds for 75 gold pieces
 32755 | Snake:2  | Bought a potion of flight for 45 gold pieces
 32755 | Snake:2  | Bought a potion of berserk rage for 75 gold pieces
 32755 | Snake:2  | Bought 2 potions of might for 120 gold pieces
 32755 | Snake:2  | Bought a potion of might for 60 gold pieces
 32755 | Snake:2  | Bought a potion of flight for 45 gold pieces
 32755 | Snake:2  | Bought a potion of heal wounds for 75 gold pieces
 32755 | Snake:2  | Bought a potion of mutation for 120 gold pieces
 32756 | Snake:2  | Found Edecw's Distillery.
 32779 | Snake:2  | Bought a potion of cancellation for 88 gold pieces
 32779 | Snake:2  | Bought a potion of resistance for 110 gold pieces
 32779 | Snake:2  | Bought a potion of flight for 33 gold pieces
 32779 | Snake:2  | Bought a potion of might for 44 gold pieces
 32779 | Snake:2  | Bought a potion of haste for 110 gold pieces
 32785 | Snake:2  | Bought a glowing helmet for 187 gold pieces
 33285 | Snake:2  | Reached XP level 20. HP: 120/124 MP: 19/33
 33959 | Snake:3  | Noticed Aizul
 33962 | Snake:3  | Killed Aizul
 34300 | Snake:3  | Found Podu Men's Armour Shop.
 34618 | Snake:3  | Bought the +2 kite shield of the Quahog {rPois rC+} for 523
                  | gold pieces
 34970 | Snake:4  | Entered Level 4 of the Snake Pit
 35504 | Snake:4  | Identified the +4 flail of Eternal War {antimagic, Fly
                  | Dex+3}
 37312 | Snake:4  | Got a serpentine rune of Zot
 38006 | D:14     | Identified the +5 broad axe of Taxation {flame, rElec rPois
                  | rN+ Int+2}
 38166 | Elf:1    | Entered Level 1 of the Elven Halls
 38391 | Elf:1    | Reached skill level 10 in Shields
 38393 | Elf:1    | Reached XP level 21. HP: 128/128 MP: 29/34
 38907 | Elf:1    | Identified Gaukluf's Incunabulum of Invitation
 39376 | Elf:1    | Identified the +0 scale mail of the Eleven Visions {Int+2}
 39832 | Elf:2    | Paralysed by an air elemental for 1 turns
 39838 | Elf:2    | Paralysed by an air elemental for 1 turns
 39843 | Elf:2    | Paralysed by an air elemental for 1 turns
 39849 | Elf:2    | Paralysed by an air elemental for 1 turns
 39857 | Elf:2    | Paralysed by an air elemental for 1 turns
 39998 | Elf:2    | Found a runed translucent gate.
 39998 | Elf:2    | Found a runed translucent gate.
 39998 | Elf:2    | Found a runed translucent gate.
 41605 | Elf:3    | Entered Level 3 of the Elven Halls
 41811 | Elf:3    | Found Gyfuama's Armour Shop.
 41816 | Elf:3    | Bought a +0 pair of boots for 67 gold pieces
 42126 | Elf:3    | Found Faonew Syczu's Book Emporium.
 42134 | Elf:3    | Found Bemajuve's Magic Scroll Boutique.
 42147 | Elf:3    | Bought a scroll of enchant weapon for 150 gold pieces
 42147 | Elf:3    | Bought a scroll of enchant weapon for 150 gold pieces
 42147 | Elf:3    | Bought a scroll of blinking for 150 gold pieces
 42155 | Elf:3    | Found Haseb's Jewellery Shoppe.
 43117 | Elf:3    | Reached XP level 22. HP: 133/133 MP: 33/36
 43470 | Elf:3    | Identified the staff of fire "Baown" {*Corrode rPois rF+
                  | Will+++ Stlth+}
 43470 | Elf:3    | Identified the +0 rapier of Starshine {venom, MP-9 Dex+5}
 43470 | Elf:3    | Identified Rolil's Anthology of Mustering and the Caves
 43646 | Elf:3    | Identified the +7 halberd of Regyeghai {antimagic, Will+
                  | Int+5}
 43678 | Elf:3    | Identified the staff of poison "Dorpheunn" {rPois Int+4}
 43737 | Elf:3    | Identified the scarf "Faahude" {repulsion, Regen+}
 43737 | Elf:3    | Identified the +3 plate armour of Infinity {+Blink rElec
                  | Will+ Stlth-}
 43826 | Elf:3    | Found the +10 dark maul {heavy}
 44343 | Snake:1  | Found a shimmering blue altar of Sif Muna.
 44640 | Snake:1  | Found a transporter.
 45240 | Vaults:1 | Entered Level 1 of the Vaults
 46924 | Vaults:1 | Reached XP level 23. HP: 140/140 MP: 33/38
 48818 | Vaults:2 | Found a staircase to the Crypt.
 49595 | Vaults:3 | Found a flickering gateway to a bazaar.
 49604 | Bazaar   | Entered a bazaar
 49604 | Bazaar   | Found Emaig's Antique Weapon Emporium.
 49604 | Bazaar   | Found Fustraodu's General Store.
 49606 | Bazaar   | Found Uvuor's Distillery.
 49609 | Bazaar   | Found Seubruaxu's Magic Scroll Shoppe.
 49614 | Bazaar   | Found Rihaphi's General Store.
 49617 | Bazaar   | Found Ufeboidu's Magic Scroll Shop.
 49643 | Bazaar   | Bought a potion of haste for 90 gold pieces
 49646 | Bazaar   | Bought a scroll of enchant armour for 82 gold pieces
 49646 | Bazaar   | Bought 2 scrolls of teleportation for 66 gold pieces
 49646 | Bazaar   | Bought a scroll of teleportation for 33 gold pieces
 49646 | Bazaar   | Bought a scroll of fear for 44 gold pieces
 49658 | Bazaar   | Bought a potion of heal wounds for 45 gold pieces
 49658 | Bazaar   | Bought a potion of flight for 27 gold pieces
 49658 | Bazaar   | Bought a potion of resistance for 90 gold pieces
 49658 | Bazaar   | Bought a potion of curing for 27 gold pieces
 49658 | Bazaar   | Bought a potion of curing for 27 gold pieces
 49658 | Bazaar   | Bought a potion of heal wounds for 45 gold pieces
 49661 | Bazaar   | Bought 2 scrolls of teleportation for 66 gold pieces
 50196 | Elf:3    | Bought the macabre finger necklace {Finger+ rN+} for 400
                  | gold pieces
 50196 | Elf:3    | Found the macabre finger necklace {Finger+ rN+}
 50970 | Vaults:3 | Identified the +10 hand axe of the Nine Bones {heavy, Drain
                  | rN+++ rCorr Stlth-}
 50970 | Vaults:3 | Identified the +12 rapier of Poxifop {flame, rPois rF+
                  | Str+3}
 51970 | Vaults:4 | Reached XP level 24. HP: 140/145 MP: 36/38
 52717 | Vaults:4 | Found Yseopnos's Assorted Antiques.
 53075 | Crypt:1  | Entered Level 1 of the Crypt
 53922 | Crypt:1  | Identified the staff of cold "Iwah" {rC+ Will- Int+6}
 53922 | Crypt:1  | Identified the ring of the Scavenger {Ice rElec Will++
                  | rCorr Str-3 Int+2}
 53922 | Crypt:1  | Noticed Josephina
 53926 | Crypt:1  | Killed Josephina
 54172 | Crypt:1  | Identified the +0 robe of the Arcadian Robin {+Inv rPois
                  | rF++ Int-5}
 55232 | Crypt:2  | Noticed Jory
 55242 | Crypt:2  | Killed Jory
 55494 | Crypt:2  | Noticed Grunn
 55531 | Crypt:2  | Killed Grunn
 56930 | Crypt:3  | Entered Level 3 of the Crypt
 56989 | Crypt:3  | Noticed Boris
 56991 | Crypt:3  | Killed Boris
 57116 | Crypt:3  | Noticed Zenata
 57120 | Crypt:3  | Killed Zenata
 57370 | Crypt:3  | Found a staircase to the Tomb.
 57407 | Crypt:3  | Reached skill level 15 in Fighting
 57719 | Crypt:3  | Reached XP level 25. HP: 161/161 MP: 33/37
 57981 | Crypt:3  | Noticed Mennas
 58010 | Crypt:3  | Killed Mennas
 58436 | Crypt:3  | Identified the amulet "Qolauch" {Acrobat +Inv}
 58436 | Crypt:3  | Identified Kikubaaqudgha's Elucidation of the Dead
 58527 | Crypt:3  | Noticed a dread lich
 58527 | Crypt:3  | Noticed an ancient lich
 58542 | Crypt:3  | Killed an ancient lich
 58608 | Crypt:3  | Killed a dread lich
 58720 | Crypt:3  | Noticed a dread lich
 58724 | Crypt:3  | Killed a dread lich
 58959 | Vaults:5 | Entered Level 5 of the Vaults
 60007 | Vaults:5 | Found Saptoofe's General Store.
 60164 | Vaults:5 | Bought a scroll of enchant armour for 127 gold pieces
 60164 | Vaults:5 | Bought a potion of curing for 51 gold pieces
 60266 | Vaults:5 | Noticed an ancient lich
 60285 | Vaults:5 | Killed an ancient lich
 60355 | Vaults:5 | Identified the ring "Urigirgh" {rPois rF- MP+9 Int+6
                  | Slay+6}
 60396 | Vaults:5 | Identified the +3 falchion of Psychosis {heavy, Will+}
 60840 | Vaults:5 | Identified the +1 dagger of the Eternal Void {antimagic,
                  | +Blink rCorr}
 60999 | Vaults:5 | Identified the Almanac of the Winter
 61536 | Vaults:5 | Reached XP level 26. HP: 179/179 MP: 33/37
 61869 | Vaults:5 | Identified the +2 rapier of the Inferno {heavy, Fly rC++
                  | Dex+2 Stlth-}
 61926 | Vaults:5 | Got a silver rune of Zot
 62106 | Vaults:5 | Identified the +0 chain mail of Slimy Fun {rF- Will++
                  | Str+5}
 63348 | Vaults:5 | Noticed Saint Roka
 63352 | Vaults:5 | Killed Saint Roka
 63794 | Depths:1 | Entered Level 1 of the Depths
 64259 | Depths:1 | Identified the staff of earth "Fauqis" {Str+3}
 64394 | Depths:1 | Found a blossoming altar of Fedhas.
 64471 | Depths:1 | Found Sysoi's Jewellery Boutique.
 64873 | Depths:1 | Found a gateway to Hell.
 65119 | Depths:1 | Found an iron altar of Okawaru.
 65169 | Depths:1 | Noticed Bai Suzhen
 65197 | Depths:1 | Killed Bai Suzhen
 66862 | Depths:1 | Identified the +11 hand axe "Facom" {flame, SInv}
 66862 | Depths:1 | Noticed a royal mummy
 66864 | Depths:1 | Killed a royal mummy
 68131 | Depths:2 | Found an opulent altar of Gozag.
 68244 | Depths:2 | Found a one-way gate leading to the halls of Pandemonium.
 68571 | Depths:2 | Reached ****** piety under Ashenzari
 68703 | Depths:2 | Reached XP level 27. HP: 178/193 MP: 35/38
 68773 | Depths:2 | Found Vuvas's General Store.
 68778 | Depths:2 | Bought a scroll of silence for 114 gold pieces
 68778 | Depths:2 | Bought a scroll of teleportation for 36 gold pieces
 68778 | Depths:2 | Bought a scroll of teleportation for 36 gold pieces
 68778 | Depths:2 | Bought a wand of iceblast (6) for 172 gold pieces
 68778 | Depths:2 | Bought a wand of paralysis (3) for 86 gold pieces
 68973 | Depths:2 | Found a runed translucent door.
 68975 | Depths:2 | Found a shimmering altar of Xom.
 68975 | Depths:2 | Noticed Zujy's ghost (adept DsFi)
 68975 | Depths:2 | Identified the +2 leather armour of Insatiable Hunger {MP+9
                  | Dex+3}
 68976 | Depths:2 | Identified the +7 great sword "Beetleslayer" {chaos, +Blink
                  | rC- rCorr SInv}
 69013 | Depths:2 | Killed Zujy's ghost
 69219 | Depths:2 | Found a one-way gateway to a ziggurat.
 69375 | Depths:2 | Found Deampif's Armour Shoppe.
 69717 | Depths:3 | Found a one-way gate to the infinite horrors of the Abyss.
 70397 | Depths:3 | Identified the +0 trident of the Green God {drain, *Rage
                  | Str+4}
 70509 | Depths:3 | Noticed Frederick
 70513 | Depths:3 | Killed Frederick
 70636 | Depths:3 | Found a glowing golden altar of the Shining One.
 70861 | Depths:4 | Entered Level 4 of the Depths
 71789 | Depths:4 | Found Hioxtec's Assorted Antiques.
 71793 | Depths:4 | Bought a potion of haste for 230 gold pieces
 72620 | Depths:4 | Found a gate to the Realm of Zot.
 73185 | Vaults:4 | Bought a potion of heal wounds for 245 gold pieces
 73185 | Vaults:4 | Bought 3 scrolls of blinking for 1102 gold pieces
 73185 | Vaults:4 | Bought a potion of mutation for 392 gold pieces
 73549 | Zot:1    | Entered Level 1 of the Realm of Zot
 73947 | Zot:1    | Acquired the +2 hood of the Assassin {Detect Stab+ Stlth++}
 73947 | Zot:1    | Found the +2 hood of the Assassin {Detect Stab+ Stlth++}
 74673 | Zot:2    | Identified the +4 ring mail "Xiebb" {+Blink Will- Str+2}
 75266 | Zot:2    | Noticed a Killer Klown
 75282 | Zot:2    | Killed a Killer Klown
 75580 | Zot:2    | Reached skill level 10 in Armour
 75743 | Zot:2    | Noticed an orb of fire
 75743 | Zot:2    | Killed an orb of fire
 77112 | Zot:3    | Noticed Parghit
 77113 | Zot:3    | Killed Parghit
 77607 | Zot:4    | Noticed a Killer Klown
 77610 | Zot:4    | Killed a Killer Klown
 79134 | Zot:5    | Entered Level 5 of the Realm of Zot
 79177 | Zot:5    | Acquired 356 gold pieces
 80414 | Zot:5    | Noticed a dread lich
 80429 | Zot:5    | Killed a dread lich
 80987 | Zot:5    | Noticed an orb of fire
 81046 | Zot:5    | Killed an orb of fire
 81223 | Zot:5    | Noticed an orb of fire
 81288 | Zot:5    | Killed an orb of fire
 81724 | Zot:5    | Noticed a Killer Klown
 81742 | Zot:5    | Killed a Killer Klown
 81783 | Zot:5    | Noticed an orb of fire
 81833 | Zot:5    | Gained mutation: You possess an exceptional clarity of
                  | mind. [an orb of fire]
 81843 | Zot:5    | Killed an orb of fire
 81849 | Zot:5    | Noticed an orb of fire
 81861 | Zot:5    | Lost mutation: You possess an exceptional clarity of mind.
                  | [an orb of fire]
 81871 | Zot:5    | Killed an orb of fire
 82487 | Zot:5    | Noticed an orb of fire
 82491 | Zot:5    | Killed an orb of fire
 83341 | Zot:5    | Got the Orb of Zot
 83891 | D:$      | Escaped with the Orb!

Illustrated notes

Levels and vault maps discovered:
D:1:      saegor_arrival_fortress, layout_loops_ring,
          hangedman_abyss_or_decor_lesser_grid
D:2:      layout_loops_ring, basic_altar, uniq_jessica
D:3:      layout_basic, lemuel_round_altar, mainiacjoe_overflow_big_doors,
          st_stairs_9, minmay_stone_trees_small
D:4:      layout_basic, marbit_many_paths, hangedman_decor_growths,
          dk_noncrumbling_4, minmay_misc_feat_ornament,
          minmay_fractal_squares_diagonal_5
D:5:      layout_cave_pools, minmay_small_thing
D:6:      layout_loops_ring, lemuel_tele_altar, serial_glass, glass_columns_c,
          glass_columns_a, ebering_dispersal_statue_hall,
          nicolae_ea-nasir_strikes_again, wad_floor_pattern_1,
          dreamdust_wishing_well, minmay_tree_intersection, minmay_bent
D:7:      layout_basic, minmay_temple_entry_enclosed_plants, uniq_joseph,
          uniq_maggie, uniq_prince_ribbit1
D:8:      minmay_the_grid_octo_tiled_octocenter [minmay_the_grid_octo_horde,
          minmay_the_grid_octo_shrine, minmay_the_grid_octo_77,
          minmay_the_grid_octo_teeth, minmay_the_grid_octo_prize_big_c,
          minmay_the_grid_square_5x5_comb, minmay_the_grid_square_5x5_six_small,
          minmay_the_grid_square_5x5_mess, minmay_the_grid_square_5x5_detours],
          layout_rooms, serial_bayou, serial_bayou_pond_d, serial_bayou_ford_a,
          serial_bayou_pond_a, serial_bayou_pond_a, nicolae_underground_beach
D:9:      layout_basic
D:10:     layout_irregular_city, uniq_sonja
D:11:     layout_loops_cross, zombieorc2_lemuel, uniq_maurice
D:12:     layout_stronghold, uniq_nergalle, uniq_gastronok
D:13:     layout_cross, erik_vaults_2, serial_co_window_serial,
          co_window_paths_b, co_window_paths_b, co_window_paths_a,
          co_window_corner_a, co_window_paths_a, co_window_broadway_c,
          co_window_of_opportunity_c, co_window_2corner, co_window_paths_c,
          co_window_paths_c, co_window_unsneaky_path_b, co_window_broadway_b,
          glass_columns_b, bh_hangedman_babel_library
D:14:     minmay_tearing_corner, layout_basic, serial_park_tiny_1,
          lemuel_freeze_loot_1
D:15:     hangedman_depths_entry_try_elsewhere_first, layout_basic,
          grunt_decor_one_mirror, serial_shops,
          nicolae_shop_pleasant_corner_grove, kiku_gazebo_pond_becter
Temple:   bh_familiar_temple
Lair:1:   layout_long_grid, st_stairs_7, infiniplex_staircase_pool_2
Lair:2:   layout_misc_corridors, nicolae_swamp_entry_splash_gauntlet,
          dummy_snake_entry, uniq_fannar, uniq_amaemon, uniq_urug
Lair:3:   layout_chaotic_city, hangedman_lair_generics_rect, grunt_megastairs_1
Lair:4:   layout_layer_cave, nicolae_slime_entry_field_trip
Lair:5:   due_jungle_book, layout_concentric_octagons, enter_volcano_3,
          st_stairs_9
Swamp:1:  layout_basic_swamp, nicolae_swamp_well_well_well, swamp_pool2,
          hangedman_swamp_pad
Swamp:2:  gammafunk_mikee_crab_dinner, layout_falls_marsh,
          evilmike_swamp_ruin_rubble_2, swamp_pool5, infiniplex_staircase_pool
Swamp:3:  layout_falls_marsh, nicolae_swamp_dense_foliage
Swamp:4:  swamp_alternative, layout_basic_swamp
Snake:1:  gammafunk_sealed_library, layout_concentric_octagons,
          nicolae_snake_snakes_in_the_grass
Snake:2:  layout_rooms, minmay_shoptagon, serial_bayou_shore_b
Snake:3:  layout_honeycomb, serial_shops, shop, uniq_aizul
Snake:4:  grunt_snake_rune_pools, layout_gridlike, grunt_megastairs_3
Orc:1:    layout_caves, serial_shops, shop, uniq_snorg, uniq_erica
Orc:2:    st_orc_mages, layout_caves
Elf:1:    eino_elf_arrival_customs, layout_geoelf_diagonals,
          minmay_elf_demonology
Elf:2:    elven_hall_of_blades_hangedman_original [nicolae_blade_tridents],
          layout_loops_corners, nicolae_elf_loose_elemental_storage
Elf:3:    minmay_elf_hall_furrowed, layout_geoelf_octagon, serial_shops, shop,
          nicolae_shop_window_shopping, shop, nicolae_shop_rolling_square,
          nicolae_elf_m_pinch, hex_intersection
Vaults:1: nicolae_vaults_security_offices_2, vaults_room_grunt_arrival_ludios,
          nicolae_vaults_disjoint_gnomons, nicolae_vaults_tetromino_L_1,
          v_misc_23, hangedman_vaults_slice, v_misc_8, vaults_room_door_hall,
          nicolae_vaults_storage_closets_1, vaults_dpeg_doors,
          nicolae_vaults_closet_pinwheel_5, nicolae_vaults_tetromino_T_2,
          nicolae_vaults_apartment_1, nicolae_vaults_variable_pillar_hall,
          layout_vaults_omnicross
Vaults:2: hangedman_vaults_slice, v_pattern_4, nicolae_vaults_yaktaur_gun_rack,
          ontoclasm_vaults_bender, minmay_crypt_entry_simple_walls,
          ontoclasm_vaults_shuriken, v_misc_11, hangedman_vaults_stitches,
          nicolae_vaults_mini_display_case, nicolae_vaults_tetromino_T_2,
          vaults_mumra_lcd, nicolae_vaults_loss_of_containment,
          nicolae_vaults_layer_cake_slice, nicolae_vaults_diamond_2,
          layout_vaults_big_room
Vaults:3: nicolae_vaults_weapon_check, nicolae_vaults_shrinking_rooms_1,
          nicolae_vaults_little_ls, ontoclasm_vaults_spin,
          nicolae_vaults_storage_closets_2, vaults_room_grid, v_misc_22,
          v_misc_8, layout_vaults_omnigrid, serial_shops, bzr_firewalk
Vaults:4: nicolae_vaults_corridor_and_loot_room,
          hangedman_vaults_stretched_pinwheel, vaults_room_pools,
          hangedman_vaults_river_flow, hangedman_vaults_restitches,
          nicolae_vaults_mitosis, vaults_standard_mumra_x,
          ontoclasm_vaults_gateway, nicolae_vaults_asterisk,
          nicolae_vaults_tetromino_L_2, layout_vaults_ring, serial_shops,
          nicolae_shop_overgrown_old_shop
Vaults:5: uniq_saint_roka
Crypt:1:  layout_catacombs, grunt_megastairs_5, uniq_josephina
Crypt:2:  layout_catacombs, uniq_grunn, uniq_jory
Crypt:3:  david_glass_crypt, layout_basic, uniq_mennas, uniq_boris, uniq_zenata
Depths:1: lemuel_minitomb, layout_gridlike, grunt_hell_entry_dis_old,
          serial_shops, shop, okawaru_gym_becter, fedhas_altar_2,
          serial_bayou_shore_b, firewood_loft, uniq_bai_suzhen
Depths:2: minmay_triangles_in_corner, layout_gridville, enter_ziggurat_f,
          serial_shops, shop, nicolae_shop_rolling_square,
          rand_demon_pan_entry_8, hell_entry, lemuel_crystal_altar,
          ebering_ghost_xom, serial_bayou_shore_b
Depths:3: kennysheep_six_static_rooms, layout_gridlike,
          nicolae_tso_swordbearing_angel, minmay_room_of_horrors, hell_entry,
          uniq_frederick
Depths:4: grunt_zot_entry_hairpin, layout_basic, hangedman_coc_ice_floe,
          abyss_entry, kennysheep_four_rooms, minmay_shop_star
Zot:1:    layout_twisted_circle, bh_zot_ikea_curve
Zot:2:    layout_twisted_circle
Zot:3:    layout_basic, uniq_parghit
Zot:4:    layout_basic, st_stairs_6
Zot:5:    layout_misc_corridors

Skill      XL: |  1  2  3  4  5  6  7  8  9 10 11 12 13 14 15 16 17 18 19 20 21 22 23 24 25 26 27 |
---------------+----------------------------------------------------------------------------------+-----
Stealth        | 2 3 6 9 11 14 15 16 19 24 | 24.3
Short Blades   | 5 6 8 10 11 12 13 14 16 17 18 22 24 | 24.0
Dodging        | 4 5 6 9 10 12 14 16 17 18 21 24 | 24.0
Evocations     | 3 7 |  7.6
Fighting       | 3 4 5 6 8 10 15 20 21 24 | 24.2
Armour         | 4 5 7 9 14 | 14.5
Throwing       | 3 6 |  6.0
Shields        | 5 10 12 14 | 14.4
Spellcasting   | 5 7 8 |  8.0
Hexes          | 6 10 12 14 | 14.0
Air Magic      | 6 10 12 14 | 14.0

Action                     |  1- 3 |  4- 6 |  7- 9 | 10-12 | 13-15 | 16-18 | 19-21 | 22-24 | 25-27 || total
---------------------------+-------+-------+-------+-------+-------+-------+-------+-------+-------++-------
  Melee: Rapier            |    57 |    70 |   303 |   920 |  1633 |   872 |  1537 |  1517 |  3110 || 10019
         Punch             |       |     1 |     4 |    14 |     4 |       |       |       |       ||    23
  Throw: Dart              |       |    11 |       |     7 |    14 |    15 |    64 |    13 |   115 ||   239
         Throwing net      |       |       |     3 |     1 |     2 |       |       |     3 |     2 ||    11
   Cast: Silence           |       |       |       |       |       |     1 |   155 |   157 |   296 ||   609
         Passwall          |       |       |       |       |       |       |     4 |       |     1 ||     5
 Invoke: Curse Item        |       |     1 |     4 |     3 |     3 |     3 |     2 |     3 |     5 ||    24
         Shatter the Chain |       |       |     1 |     1 |     2 |     3 |     2 |     2 |     2 ||    13
  Evoke: Wand              |       |     2 |     6 |    15 |    22 |    17 |       |     2 |    27 ||    91
         Tin of tremorston |       |       |       |       |       |     2 |     1 |       |       ||     3
         Box of beasts     |       |       |       |       |       |     1 |       |       |     1 ||     2
         Phantom mirror    |       |       |       |       |       |       |       |       |     1 ||     1
    Use: Scroll            |       |     9 |     1 |       |     2 |    10 |     5 |     5 |     7 ||    39
         Potion            |       |       |     3 |     1 |     3 |     5 |     1 |     2 |    12 ||    27
   Stab: Sleeping          |    15 |    19 |    25 |    37 |    69 |    71 |   124 |   215 |   230 ||   805
         Distracted        |       |       |     4 |    10 |    11 |     2 |    11 |    10 |    11 ||    59
         Held in net/web   |       |       |     2 |     3 |       |       |       |     2 |     2 ||     9
         Paralysed         |       |       |       |     4 |     4 |       |       |     1 |       ||     9
         Invisible         |       |       |       |    10 |     6 |       |       |       |       ||    16
         Confused          |       |       |       |       |       |       |     1 |       |       ||     1
 Armour: Leather armour    |    10 |     5 |    24 |       |       |       |       |       |       ||    39
         Skin              |       |       |    49 |       |       |       |       |       |       ||    49
         Ring mail         |       |       |     5 |   143 |   280 |   151 |       |       |       ||   579
         Swamp dragon scal |       |       |       |       |       |    27 |   323 |   151 |   287 ||   788
  Dodge: Dodged            |    22 |    23 |   151 |   466 |   943 |   707 |  1129 |   771 |  1326 ||  5538
  Block: Buckler           |       |       |       |       |   274 |   255 |   317 |       |       ||   846
         Kite shield       |       |       |       |       |       |       |   398 |   950 |  1598 ||  2946
